 Dungeon Crawl Stone Soup version 0.29.1-12-g30fa7ad0bf (webtiles) character file.

Game seed: 6636433142119233368

1189 wormed the Insei (level 8, -5/61 HPs)
             Began as a Gnoll Transmuter on Dec 25, 2022.
             Was an Initiate of Sif Muna.
             Succumbed to a gnoll sergeant's poison
             ... on level 6 of the Dungeon on Dec 26, 2022.
             The game lasted 00:13:20 (9060 turns).

wormed the Insei (Gnoll Transmuter)                 Turns: 9060, Time: 00:13:21

Health: -5/61      AC:  3    Str: 11    XL:     8   Next: 43%
Magic:  15/17      EV: 13    Int: 14    God:    Sif Muna [......]
Gold:   218        SH:  0    Dex: 12    Spells: 8/19 levels left

rFire   . . .      SeeInvis .     - Unarmed
rCold   . . .      Faith    .   (no shield)
rNeg    . . .      Spirit   .   y - +0 leather armour
rPois   .          Reflect  .   (helmet currently unavailable)
rElec   .          Harm     .   (no cloak)
rCorr   .          Rampage  .   (no gloves)
Will    .....                   (boots currently unavailable)
Stlth   ++........              (no amulet)
HPRegen 0.20/turn               (no ring)
MPRegen 0.15/turn               (no ring)

@: lethally poisoned (-5 -> -36), appendages
A: horns 2, talons 2, fangs 1, strong nose, distributed training
a: End Transformation, Renounce Religion


You were on level 6 of the Dungeon.
You worshipped Sif Muna.
Sif Muna was noncommittal.
You had temporarily grown beastly horns and talons.
You visited 2 branches of the dungeon, and saw 7 of its levels.

You collected 218 gold pieces.

Inventory:

Armour
 a - a +0 robe
 y - a +0 leather armour (worn)
 z - a +0 helmet (melded)
Jewellery
 o - a ring of willpower
Scrolls
 h - 2 scrolls of magic mapping {unknown}
 i - a scroll of immolation {unknown}
 j - 2 scrolls of vulnerability {unknown}
 m - 2 scrolls of identify {unknown}
 n - 2 scrolls of amnesia {unknown}
 p - 2 scrolls of teleportation {unknown}
 q - a scroll of silence {unknown}
 u - a scroll of fog {unknown}
 v - 2 scrolls of fear {unknown}
 w - a scroll of enchant weapon {unknown}
 x - a scroll of enchant armour {unknown}
Potions
 b - 2 potions of lignification
 c - 2 potions of invisibility {unknown}
 d - a potion of attraction {unknown}
 e - 3 potions of brilliance {unknown}
 f - a potion of heal wounds
 g - 5 potions of curing {unknown}
 k - a potion of mutation {unknown}
 l - a potion of ambrosia {unknown}
 r - a potion of haste {unknown}
 s - 2 potions of flight {unknown}
 t - a potion of resistance {unknown}


   Skills:
 + Level 4.3 Fighting
 + Level 3.4 Short Blades
 + Level 3.4 Long Blades
 + Level 3.4 Axes
 + Level 3.4 Maces & Flails
 + Level 3.4 Polearms
 + Level 3.4 Staves
 + Level 3.4 Ranged Weapons
 + Level 3.4 Throwing
 + Level 3.4 Armour
 + Level 5.7 Dodging
 + Level 3.4 Stealth
 + Level 3.4 Shields
 + Level 7.4 Unarmed Combat
 + Level 6.1 Spellcasting
 + Level 2.7 Conjurations
 + Level 2.7 Hexes
 + Level 2.7 Summonings
 + Level 2.7 Necromancy
 + Level 2.7 Translocations
 + Level 4.7 Transmutations
 + Level 2.7 Fire Magic
 + Level 2.7 Ice Magic
 + Level 2.7 Air Magic
 + Level 2.7 Earth Magic
 + Level 2.7 Poison Magic
 + Level 3.7 Invocations
 + Level 3.4 Evocations


You had 8 spell levels left.
You knew the following spells:

 Your Spells              Type           Power      Damage    Failure   Level
a - Beastly Appendage     Tmut           34%        N/A       2%          1
b - Wereblood             Tmut           17%        N/A       4%          2
c - Ice Form              Ice/Tmut       14%        N/A       38%         4
d - Leda's Liquefaction   Hex/Erth       6%         N/A       54%         4

Your spell library contained the following spells:

 Spells                   Type           Power      Damage    Failure   Level
 Scorch                   Fire           24%        2d6       10%         2
 Sublimation of Blood     Necr           12%        N/A       10%         2
 Spider Form              Tmut/Pois      14%        N/A       13%         3
 Call Canine Familiar     Summ           12%        N/A       19%         3
 Portal Projectile        Hex/Tloc       24%        N/A       19%         3
 Flame Wave               Conj/Fire      12%        2d6       54%         4
 Summon Cactus Giant      Summ           6%         N/A       100%        6
 Summon Hydra             Summ           6%         N/A       100%        7


Dungeon Overview and Level Annotations

Branches:
Dungeon (6/15)             Temple (1/1) D:6

Altars:
Ashenzari
Cheibriados
Elyvilon
Fedhas
Gozag
Kikubaaqudgha
Makhleb
Nemelex Xobeh
Okawaru
Qazlal
Sif Muna
Trog
Uskayaw
Vehumet
Xom
Yredelemnul
Zin
The Shining One

Shops:
D:6 ?


Innate Abilities, Weirdness & Mutations

You have temporarily grown beastly horns and talons.
You have very sharp teeth.
Your uncanny sense of smell can sniff out nearby items.
Your experience applies equally to all skills.


Message History

There is a staircase to the Ecumenical Temple, spattered with blood here.
The gnoll closely misses you.
The gnoll sergeant hits you with a +1 spear of venom.
You are poisoned.
You hit the gnoll sergeant but do no damage.
You claw the gnoll sergeant!
Your headbutt misses the gnoll sergeant.
Your bite misses the gnoll sergeant.
The gnoll sergeant is moderately wounded.
You feel sick. The gnoll barely misses you.
The gnoll sergeant hits you with a +1 spear of venom.
You are more poisoned.
You hit the gnoll sergeant but do no damage.
The gnoll sergeant is moderately wounded.
You feel very sick.
The gnoll hits you from afar with a +0 spear.
The gnoll sergeant completely misses you.
You hit the gnoll sergeant.
You claw the gnoll sergeant, but do no damage.
You headbutt the gnoll sergeant.
You punch the gnoll sergeant, but do no damage.
You bite the gnoll sergeant.
The gnoll sergeant is heavily wounded.
You feel very sick.
The gnoll hits you from afar with a +0 spear!
The gnoll sergeant hits you with a +1 spear of venom.
Your magical contamination has completely faded away.
You hit the gnoll sergeant but do no damage.
You claw the gnoll sergeant.
You headbutt the gnoll sergeant, but do no damage.
You bite the gnoll sergeant, but do no damage.
The gnoll sergeant is severely wounded.
* * * LOW HITPOINT WARNING * * *
You feel very sick.
The gnoll hits you from afar with a +0 spear!
* * * LOW HITPOINT WARNING * * *
The gnoll sergeant hits you with a +1 spear of venom.
* * * LOW HITPOINT WARNING * * *
You are more poisoned.
You die...

#...# #...## #....#
.# #....# .. #....#
#. ##....## #.##
#...g..# #..#
####g#### ##.###
#...@g..# #....##
#.......# #.....##
#...>...# ...#...###
#.......#
..###....####.......#
..# ##....#.####'####
..# ###.........#
.#######..########
.........##


You could see a gnoll sergeant and 2 gnolls.

Vanquished Creatures
  Menkaure (D:5)
  A water moccasin (D:4)
  An ice beast (D:5)
  A black bear (D:4)
  2 ogres
  A kobold brigand (D:6)
  A necrophage (D:4)
  2 scorpions (D:5)
  3 jellies
  An orc priest (D:3)
  An iguana (D:4)
  An orc wizard (D:4)
  2 gnolls (D:6)
  4 adders
  4 worms
  3 dart slugs
  21 orcs
  4 ball pythons
  6 endoplasms
  7 giant cockroaches
  4 goblins
  8 hobgoblins
  3 jackals (D:1)
  6 quokkas
  2 bats (D:1)
  4 frilled lizards
  9 kobolds
  10 rats
113 creatures vanquished.

Vanquished Creatures (others)
  A plant (D:1)
1 creature vanquished.

Grand Total: 114 creatures vanquished

Notes
Turn   | Place    | Note
-------+----------+-------------------------------------------
     0 | D:1      | wormed the Gnoll Transmuter began the quest for the Orb.
     0 | D:1      | Reached XP level 1. HP: 17/17 MP: 6/6
   176 | D:1      | Reached XP level 2. HP: 23/23 MP: 5/7
   500 | D:1      | Reached skill level 5 in Spellcasting
   500 | D:1      | Reached XP level 3. HP: 28/28 MP: 6/9
  1075 | D:1      | Reached skill level 1 in Invocations
  1197 | D:1      | Learned a level 2 spell: Wereblood
  1459 | D:2      | Reached skill level 1 in Short Blades
  1459 | D:2      | Reached skill level 1 in Long Blades
  1459 | D:2      | Reached skill level 1 in Axes
  1459 | D:2      | Reached skill level 1 in Maces & Flails
  1459 | D:2      | Reached skill level 1 in Polearms
  1459 | D:2      | Reached skill level 1 in Staves
  1459 | D:2      | Reached skill level 1 in Ranged Weapons
  1459 | D:2      | Reached skill level 1 in Throwing
  1459 | D:2      | Reached skill level 1 in Armour
  1459 | D:2      | Reached skill level 1 in Stealth
  1459 | D:2      | Reached skill level 1 in Shields
  1459 | D:2      | Reached skill level 1 in Evocations
  1896 | D:2      | Reached XP level 4. HP: 32/34 MP: 7/11
  2014 | D:2      | Found an iron altar of Okawaru.
  2156 | D:2      | Reached skill level 1 in Conjurations
  2156 | D:2      | Reached skill level 1 in Hexes
  2156 | D:2      | Reached skill level 1 in Summonings
  2156 | D:2      | Reached skill level 1 in Necromancy
  2156 | D:2      | Reached skill level 1 in Translocations
  2156 | D:2      | Reached skill level 1 in Fire Magic
  2156 | D:2      | Reached skill level 1 in Ice Magic
  2156 | D:2      | Reached skill level 1 in Air Magic
  2156 | D:2      | Reached skill level 1 in Earth Magic
  2156 | D:2      | Reached skill level 1 in Poison Magic
  2195 | D:2      | Found a faded altar of an unknown god.
  2363 | D:2      | Learned a level 4 spell: Ice Form
  2442 | D:3      | Found an ancient bone altar of Kikubaaqudgha.
  2499 | D:3      | Found a glowing silver altar of Zin.
  2510 | D:3      | Found a blossoming altar of Fedhas.
  2570 | D:3      | Reached XP level 5. HP: 33/40 MP: 7/12
  2688 | D:3      | Found a snail-covered altar of Cheibriados.
  2861 | D:3      | Found a stormy altar of Qazlal.
  3207 | D:4      | Noticed an ogre
  3215 | D:4      | Killed an ogre
  3525 | D:4      | Reached XP level 6. HP: 45/47 MP: 9/13
  4026 | D:4      | Noticed a black bear
  4037 | D:4      | Killed a black bear
  4038 | D:4      | Reached skill level 5 in Dodging
  4456 | D:4      | Noticed a water moccasin
  4470 | D:4      | HP: 1/70 [poisoned by a water moccasin]
  4472 | D:4      | Killed a water moccasin
  4473 | D:4      | Reached skill level 7 in Unarmed Combat
  4473 | D:4      | Reached XP level 7. HP: 28/52 MP: 13/15
  5071 | D:4      | Learned a level 4 spell: Leda's Liquefaction
  5088 | D:5      | Entered Level 5 of the Dungeon
  5088 | D:5      | Noticed Menkaure
  5190 | D:5      | Found a broken altar of Ashenzari.
  5261 | D:5      | Noticed a +0 short sword
  5261 | D:5      | Noticed a +0 falchion
  5263 | D:5      | Noticed a +0 dagger
  5264 | D:5      | Noticed a +0 spear
  5551 | D:5      | Noticed a +0 falchion
  5551 | D:5      | Noticed a +0 dagger
  5899 | D:5      | Noticed a +0 short sword
  5902 | D:5      | Noticed a +0 spear
  5917 | D:5      | Killed Menkaure
  6900 | D:5      | Found a hide-covered altar of Uskayaw.
  6918 | D:5      | Reached XP level 8. HP: 31/60 MP: 14/16
  7306 | D:5      | Found a shimmering blue altar of Sif Muna.
  7923 | D:5      | Became a worshipper of Sif Muna the Loreminder
  8056 | D:6      | Found Ceodomawk's Magic Scroll Boutique.
  8195 | D:6      | Found a staircase to the Ecumenical Temple.
  8559 | Temple   | Entered the Ecumenical Temple
  9059 | D:6      | HP: 2/61 [gnoll sergeant/+1 spear of venom (5)]
  9060 | D:6      | Succumbed to a gnoll sergeant's poison

Illustrated notes

Levels and vault maps discovered:
D:1:      dpeg_arrival_ratfight, layout_loops_ring, serial_bayou,
          serial_bayou_pond_c, serial_bayou_pond_a, serial_bayou_pond_b,
          serial_bayou_lagoon_a, minivault_24, minmay_worlds_worst_comb
D:2:      layout_basic, shapermc_ecumenical_altar_mp_vishouse, basic_altar,
          kennysheep_generic_room_9
D:3:      layout_basic, mainiacjoe_overflow_boulevard, zin_academy,
          fedhas_altar_2, cheibriados_altar_1, grunt_qazlal_sundering
D:4:      black_bear_nest_1, layout_loops_corners
D:5:      layout_loops_cross, nicolae_uskayaw_en_pointe, ashenzari_altar_1,
          lemuel_coloured_pillars_altar, uniq_menkaure
D:6:      layout_cave_pods, temple_green, nicolae_stop_n_shop_2
Temple:   nicolae_temple_cloud_nine

Skill      XL: |  1  2  3  4  5  6  7  8 |
---------------+-------------------------+-----
Spellcasting   | 5 6 |  6.1
Invocations    | 1 2 3 |  3.7
Short Blades   | 1 2 3 |  3.4
Long Blades    | 1 2 3 |  3.4
Axes           | 1 2 3 |  3.4
Maces & Flails | 1 2 3 |  3.4
Polearms       | 1 2 3 |  3.4
Staves         | 1 2 3 |  3.4
Ranged Weapons | 1 2 3 |  3.4
Throwing       | 1 2 3 |  3.4
Armour         | 1 2 3 |  3.4
Stealth        | 1 2 3 |  3.4
Shields        | 1 2 3 |  3.4
Evocations     | 1 2 3 |  3.4
Conjurations   | 1 2 |  2.7
Hexes          | 1 2 |  2.7
Summonings     | 1 2 |  2.7
Necromancy     | 1 2 |  2.7
Translocations | 1 2 |  2.7
Fire Magic     | 1 2 |  2.7
Ice Magic      | 1 2 |  2.7
Air Magic      | 1 2 |  2.7
Earth Magic    | 1 2 |  2.7
Poison Magic   | 1 2 |  2.7
Fighting       | 3 4 |  4.3
Transmutations | 4 |  4.7
Dodging        | 5 |  5.7
Unarmed Combat | 7 |  7.4

Action                   |  1- 3 |  4- 6 |  7- 9 || total
-------------------------+-------+-------+-------++-------
Melee: Unarmed           |    93 |    92 |   144 ||   329
       Bite              |     7 |     6 |    18 ||    31
       Kick              |    14 |    15 |    47 ||    76
       Headbutt          |     7 |    13 |    25 ||    45
       Punch             |     1 |     6 |     7 ||    14
 Cast: Beastly Appendage |    28 |    23 |    18 ||    69
       Wereblood         |     7 |    23 |    17 ||    47
       Ice Form          |       |       |     1 ||     1
  Use: Potion            |       |     2 |     3 ||     5
 Stab: Sleeping          |     1 |       |       ||     1
Armor: Robe              |    16 |    11 |     9 ||    36
       Skin              |       |     2 |     7 ||     9
       Leather armour    |       |       |     8 ||     8
Dodge: Dodged            |    66 |    52 |    92 ||   210
